 Dungeon Crawl Stone Soup version 0.31-a0-986-g5e6e4ef867 (webtiles) character file.

Game seed: 5719911402456031878

1995 Lobster4 the Cleaver (level 9, -2/117 HPs)
             Began as a Hill Orc Fighter on Nov 23, 2023.
             Slain by Joseph
             ... wielding a +0 quarterstaff
              (9 damage)
             ... on level 7 of the Dungeon.
             The game lasted 00:20:18 (6061 turns).

Lobster4 the Cleaver (Hill Orc Fighter)             Turns: 6061, Time: 00:20:18

Health: -2/117     AC: 24    Str: 19    XL:     9   Next: 21%
Magic:  12/12      EV:  2    Int: 18    God:
Gold:   417        SH:  5    Dex: 10    Spells: 10/12 levels left

rFire   . . .        a - +1 war axe
rCold   . . .        c - +0 buckler
rNeg    . . .        B - melded +3 leather armour {rPois}
rPois   +            (helmet currently unavailable)
rElec   .            (cloak currently unavailable)
rCorr   .            h - melded +0 pair of gloves
SInv    .            w - melded +0 pair of boots
Will    .....        (no amulet)
Stlth   +            t - +6 ring of intelligence
HPRegen 0.39/turn    (no ring)
MPRegen 0.13/turn

%: no passive effects
@: mighty, tree-form
A: stationary, stasis, torment immunity, boosted hp
a: no special abilities


You were on level 7 of the Dungeon.
You were a tree.
You visited 1 branch of the dungeon, and saw 7 of its levels.

You collected 417 gold pieces.

Inventory:

Hand Weapons
 a - a +1 war axe (weapon)
 g - a +2 short sword of electrocution
 z - a +0 dagger of venom
Missiles
 n - 6 poisoned darts
 p - 3 boomerangs (quivered)
Armour
 c - a +0 buckler (worn)
 e - a +2 robe of willpower
 h - a +0 pair of gloves (melded)
 w - a +0 pair of boots (melded)
 B - a +3 leather armour of poison resistance (melded)
Jewellery
 t - a +6 ring of intelligence (left branch)
Wands
 q - a wand of digging (2)
 s - a wand of flame (60)
Scrolls
 i - a scroll of torment {unknown}
 k - a scroll of fog {unknown}
 l - a scroll of summoning {unknown}
 u - 2 scrolls of teleportation
Potions
 b - 3 potions of curing {unknown}
 d - 2 potions of might
 f - 2 potions of degeneration {unknown}
 j - a potion of cancellation {unknown}
 m - a potion of lignification
 o - a potion of brilliance
 A - 2 potions of invisibility {unknown}


   Skills:
 + Level 6.7 Fighting
 * Level 8.9 Axes
 - Level 1.0 Throwing
 + Level 6.0 Armour
 - Level 2.0 Dodging
 + Level 5.9 Shields
 + Level 2.0 Spellcasting
 + Level 1.2 Fire Magic
 - Level 3.0 Evocations


You had 10 spell levels left.
You knew the following spells:

 Your Spells              Type           Power      Damage    Failure   Level
a - Scorch                Fire           12%        2d5       21%         2

Your spell library contained the following spells:

 Spells                   Type           Power      Damage    Failure   Level
 Kiss of Death            Conj/Necr      4%         2d5       22%         1
 Summon Small Mammal      Summ           4%         N/A       22%         1
 Ignite Poison            Fire/Tmut/Pois 3%         N/A       50%         3
 Call Canine Familiar     Summ           1%         N/A       54%         3
 Confusing Touch          Hex            1%         N/A       54%         3
 Summon Guardian Golem    Hex/Summ       1%         N/A       54%         3
 Tukima's Dance           Hex            1%         N/A       54%         3
 Flame Wave               Conj/Fire      4%         2d5       86%         4
 Sticky Flame             Conj/Fire      4%         2d3       86%         4
 Dimensional Bullseye     Hex/Tloc       0%         N/A       91%         4
 Dispel Undead            Necr           1%         3d6       91%         4
 Iskenderun's Mystic Bla  Conj/Tloc      1%         2d3       91%         4
 Summon Cactus Giant      Summ           0%         N/A       100%        6
 Ignition                 Fire           3%         3d4       100%        8


Dungeon Overview and Level Annotations

Branches:
Dungeon (7/15)
 Temple: D:4-7

Altars:
Makhleb
Ru
Xom
Yredelemnul
Zin
The Shining One

Shops:
D:7 !:[

Annotations:
D:6 exclusions: orc warrior and 1 more exclusion
D:7 Joseph


Message History

Joseph shouts!
Joseph unwields a +0 quarterstaff.
Joseph wields a +0 sling.
Joseph shoots a sling bullet.
The sling bullet hits you!
You start resting.
Joseph is nearby!
You feel very mighty all of a sudden.
Joseph shoots a sling bullet.
The sling bullet hits you.
Joseph unwields a +0 sling.
Joseph wields a +0 quarterstaff.
Joseph hits you with a +0 quarterstaff!
You slash Joseph!
Joseph is lightly wounded.
You block Joseph's attack.
You hit Joseph but do no damage.
Joseph is lightly wounded.
Joseph hits you with a +0 quarterstaff!
You slice Joseph!!
Joseph is heavily wounded.
Joseph closely misses you.
You barely miss Joseph.
Joseph is heavily wounded.
Joseph hits you with a +0 quarterstaff!
* * * LOW HITPOINT WARNING * * *
You hit Joseph.
Joseph is heavily wounded.
Joseph hits you with a +0 quarterstaff.
* * * LOW HITPOINT WARNING * * *
You slice Joseph!!
Joseph is severely wounded.
Joseph hits you with a +0 quarterstaff!
* * * LOW HITPOINT WARNING * * *
You turn into a tree.
Your +0 pair of gloves melds into your body.
Your +0 pair of boots melds into your body.
Your +3 leather armour of poison resistance melds into your body.
You no longer feel resistant to poison.
Your roots penetrate the ground.
Joseph hits you but does no damage.
You slash Joseph!
Joseph is almost dead.
Joseph hits you with a +0 quarterstaff!
You die...

##### #####...##
#⌠..#....## #.>.#.....###
#.[∩#..8....#
..#####.....#.#
#.....∩....@.#############
##.....#####♣.)........>..
..
##.8..#∩..#..)...########
#. ##.@.#.<.######.# #.
#...#..⌠# #.# ##.
#.#.##### #.# #.. #.###
#.# #.. .. #.# #.. #.# #).
#.# #%.


You could see Joseph.

Vanquished Creatures
  Eustachio (D:4)
  Menkaure (D:7)
  A water moccasin (D:6)
  An ice beast (D:3)
  An ogre (D:6)
  2 centaurs (D:6)
  4 scorpions
  A vampire bat (D:5)
  A howler monkey (D:5)
  6 hounds
  5 orc priests
  A sleepcap (D:6)
  An iguana (D:4)
  Natasha (thrice) (D:2)
  9 orc wizards
  5 adders
  2 white imps
  2 ufetubi (D:6)
  A worm (D:4)
  5 dart slugs
  3 fire bats (D:5)
  29 orcs
  2 spectral bats (D:5)
  3 bat skeletons (D:5)
  A bat zombie (D:5)
  8 endoplasms
  4 giant cockroaches
  11 goblins
  3 hobgoblins
  6 jackals (D:3)
  4 quokkas
  6 ball pythons
  17 bats
  A bat simulacrum (D:5)
  5 frilled lizards
  13 kobolds
  6 rats
175 creatures vanquished.

Notes
Turn   | Place    | Note
-------+----------+-------------------------------------------
     0 | D:1      | Lobster4 the Hill Orc Fighter began the quest for the Orb.
     0 | D:1      | Reached XP level 1. HP: 19/19 MP: 1/1
   176 | D:1      | Reached skill level 3 in Axes
   179 | D:1      | Reached XP level 2. HP: 27/27 MP: 2/2
   449 | D:1      | Reached XP level 3. HP: 33/33 MP: 3/3
  1031 | D:2      | Noticed Natasha
  1191 | D:2      | Killed Natasha
  1192 | D:2      | Reached skill level 4 in Axes
  1192 | D:2      | Reached XP level 4. HP: 32/40 MP: 4/4
  1244 | D:2      | Found a faded altar of an unknown god.
  1370 | D:2      | Reached skill level 1 in Dodging
  1593 | D:2      | Noticed Natasha
  1603 | D:2      | Killed Natasha
  1637 | D:2      | Noticed Natasha
  1709 | D:2      | Killed Natasha
  1710 | D:2      | Reached XP level 5. HP: 31/47 MP: 5/5
  2209 | D:3      | Found a sacrificial altar of Ru.
  2211 | D:3      | Found a basalt altar of Yredelemnul.
  2211 | D:3      | Found a glowing golden altar of the Shining One.
  2436 | D:3      | Noticed an ice beast
  2456 | D:3      | Killed an ice beast
  2457 | D:3      | Reached skill level 5 in Axes
  2457 | D:3      | Reached XP level 6. HP: 53/53 MP: 6/6
  2684 | D:3      | Found a shimmering altar of Xom.
  2684 | D:3      | Found a glowing silver altar of Zin.
  2684 | D:3      | Found a shimmering altar of Xom.
  2937 | D:4      | Reached skill level 1 in Evocations
  3291 | D:4      | Reached skill level 1 in Spellcasting
  3341 | D:4      | Reached XP level 7. HP: 57/60 MP: 8/8
  3475 | D:4      | Found a burning altar of Makhleb.
  3479 | D:4      | Reached skill level 5 in Fighting
  3555 | D:4      | Noticed Eustachio
  3624 | D:4      | Killed Eustachio
  3625 | D:4      | Reached skill level 6 in Axes
  3674 | D:4      | Found a basalt altar of Yredelemnul.
  3787 | D:5      | Entered Level 5 of the Dungeon
  4310 | D:5      | Reached XP level 8. HP: 57/69 MP: 10/10
  4513 | D:5      | Reached skill level 7 in Axes
  4513 | D:5      | Reached skill level 5 in Shields
  4514 | D:5      | Reached skill level 5 in Armour
  5165 | D:6      | Noticed a rust devil
  5165 | D:6      | Noticed a rust devil
  5303 | D:6      | Reached skill level 8 in Axes
  5562 | D:6      | Reached XP level 9. HP: 71/78 MP: 12/12
  5577 | D:6      | Learned a level 2 spell: Scorch
  5736 | D:7      | Noticed Menkaure
  5740 | D:7      | Killed Menkaure
  5741 | D:7      | Reached skill level 1 in Throwing
  5741 | D:7      | Reached skill level 1 in Fire Magic
  5999 | D:7      | Found Ediynk's Book Boutique.
  6023 | D:7      | Found Kyphoire's Armour Boutique.
  6024 | D:7      | Found Cothysch's Distillery.
  6039 | D:7      | Noticed Joseph
  6061 | D:7      | Slain by Joseph

Illustrated notes

Levels and vault maps discovered:
D:1:      dpeg_arrival_windows_large_door, layout_loops_ring,
          minmay_parallelograms
D:2:      layout_basic, ebering_ecumenical_altar_petrified, serial_glass,
          glass_columns_a, glass_columns_c, uniq_natasha
D:3:      layout_basic, doesnt_xom_only_xom, serial_co_window_serial,
          co_window_paths_a, co_window_corner_a, co_window_paths_a,
          co_window_paths_a, co_window_paths_a, co_window_of_opportunity_b,
          co_window_broadway_c, co_window_of_opportunity_b, co_window_corner_b,
          co_window_unsneaky_path_a, co_window_paths_e, co_window_sun,
          glass_columns_a, glass_columns_a, glass_columns_c, glass_columns_a,
          glass_columns_a, moated_statue, chequers_serial_rivers_micro_a,
          minmay_close_crescents
D:4:      layout_rooms, kennysheep_mini_moat, makhleb_blood_cavern_becter,
          minmay_box_of_dots, uniq_eustachio
D:5:      layout_basic, goddamned_bats
D:6:      cheibrodos_iron_armory, layout_rooms
D:7:      layout_loops_ring, minmay_temple_entry_enclosed_plants,
          nicolae_shop_distant_corner_stores, uniq_joseph, uniq_menkaure,
          uniq_jeremiah

Skill      XL: |  1  2  3  4  5  6  7  8  9 |
---------------+----------------------------+-----
Axes           | 3 4 5 6 8 |  8.9
Fighting       | 4 5 6 |  6.7
Dodging        | 1 2 |  2.0
Armour         | 4 5 6 |  6.0
Shields        | 4 5 |  5.9
Evocations     | 1 2 3 |  3.0
Spellcasting   | 1 2 |  2.0
Throwing       | 1 |  1.0
Fire Magic     | 1 |  1.2

Action                     |  1- 3 |  4- 6 |  7- 9 || total
---------------------------+-------+-------+-------++-------
  Melee: War axe           |    99 |   119 |   240 ||   458
         Short sword       |       |    69 |       ||    69
  Throw: Dart              |       |     8 |    39 ||    47
         Boomerang         |       |       |     8 ||     8
  Evoke: Wand              |       |    12 |    14 ||    26
    Use: Scroll            |       |     1 |    11 ||    12
         Potion            |       |       |     2 ||     2
 Armour: Scale mail        |    67 |   171 |    50 ||   288
         Leather armour    |       |       |   224 ||   224
         Skin              |       |       |     2 ||     2
  Dodge: Dodged            |    56 |    95 |   211 ||   362
  Block: Buckler           |    22 |    45 |    74 ||   141

Table legend: (Time is in decaauts)
 A = Elapsed time spent in this place.
 B = Non-inter-level travel time spent in this place.
 C = Inter-level travel time spent in this place.
 D = Time resting spent in this place.
 E = Time spent auto-exploring this place.
 F = Levels seen in this place.
 G = Mean time per level.
                   A        B        C        D        E       F      G
               +--------+--------+--------+--------+--------+-----+--------+
         Total |   6198 |   5955 |    243 |   1136 |   3084 |   7 |  885.4 |
       Dungeon |   6198 |   5955 |    243 |   1136 |   3084 |   7 |  885.4 |
               +--------+--------+--------+--------+--------+-----+--------+

Top non-repeatable levels by time:
     D:3: 1159 daAuts
     D:1: 1061 daAuts
     D:6: 957 daAuts
     D:2: 935 daAuts
     D:4: 916 daAuts
     D:5: 840 daAuts
     D:7: 326 daAuts
